 Dungeon Sprint DCSS version 0.30.1-11-g7821555f0a (webtiles) character file.

Game seed: 14982653290610952128

5 DiggyJ the Chopper (level 1, 0/23 HPs)
             Began as an Ogre Gladiator on Jan 8, 2024.
             Slain by a hound (2 damage)
             ... in the Dungeon (Sprint IX: "|||||||||||||||||||||||||||||").
             The game lasted 00:00:05 (32 turns).

DiggyJ the Chopper (Ogre Gladiator)                   Turns: 32, Time: 00:00:06

Health: 0/23       AC:  3    Str: 17    XL:     1   Next: 80%
Magic:  1/1        EV: 10    Int:  9    God:
Gold:   0          SH:  0    Dex: 10    Spells: 0/0 levels left

rFire   . . .        a - +0 war axe
rCold   . . .        (no shield)
rNeg    . . .        b - +0 robe
rPois   .            c - +0 hat
rElec   .            (no cloak)
rCorr   .            (gloves unavailable)
SInv    .            (boots unavailable)
Will    .....        (no amulet)
Stlth   +            (no ring)
HPRegen 0.23/turn    (no ring)
MPRegen 0.07/turn

%: no teleportation
@: no status effects
A: large, unfitting armour, tough skin 1
a: no special abilities


You were in the Dungeon.
You visited 1 branch

Inventory:

Hand Weapons
 a - a +0 war axe (weapon)
Missiles
 d - 3 throwing nets (quivered)
 e - a large rock
Armour
 b - a +0 robe (worn)
 c - a +0 hat (worn)
Scrolls
 k - a scroll of blinking
Potions
 f - a potion of curing
 g - a potion of heal wounds
 h - a potion of haste
 i - 2 potions of magic
 j - a potion of berserk rage


   Skills:
 + Level 3.0 Fighting
 + Level 3.7 Axes
 + Level 2.2 Throwing
 + Level 3.3 Dodging


You couldn't memorise any spells.
You didn't know any spells.
Your spell library was empty.

Dungeon Overview and Level Annotations

Branches:
Dungeon (1/1)

Altars:


Innate Abilities, Weirdness & Mutations

You are too large for most types of armour.
You have tough skin. (AC +1)


Message History

Your Fighting skill increases to level 3!
You slash the hobgoblin!
You kill the hobgoblin!
There is an open door to the Dungeon here.
Items here: )) †††.
You open the door.
A hound, an ufetubus, a scorpion, a sleepcap and an adder come into view.
The ufetubus shouts!
The adder hisses angrily.
The hound bites you.
You barely miss the hound. The hound bites you but does no damage.
The hound closely misses you.
You miss the hound. The hound bites you but does no damage.
The hound closely misses you.
You closely miss the hound. The hound bites you. The hound barely misses you.
You closely miss the hound. The hound bites you. The hound barely misses you.
You slash the hound!
The hound is heavily wounded.
The hound bites you. x2
You hit the hound.
The hound is severely wounded.
The hound barely misses you. The hound closely misses you.
You hit the hound.
The hound is severely wounded.
The hound bites you but does no damage. The hound bites you.
* * * LOW HITPOINT WARNING * * *
You barely miss the hound.
The hound is severely wounded.
The hound barely misses you. The hound bites you.
* * * LOW HITPOINT WARNING * * *
You hit the hound but do no damage.
The hound is severely wounded.
The hound bites you but does no damage. The hound misses you.
You hit the hound but do no damage.
The hound is severely wounded.
The hound closely misses you. The hound bites you.
* * * LOW HITPOINT WARNING * * *
You barely miss the hound.
The hound is severely wounded.
The hound bites you.
You die... ▓▓▓▓▓▓▓▓▓▓▓▓▓▓▓▓▓▓ ▓<...)....@h5sfS.+ ▓▓▓▓▓▓▓▓▓▓▓▓▓▓▓▓▓▓

You could see a sleepcap, a scorpion, a hound, an adder and an ufetubus.

Vanquished Creatures
  An endoplasm (D)
  A hobgoblin (D)
  A quokka (D)
  2 kobolds (D)
5 creatures vanquished.

Notes
Turn   | Place    | Note
-------+----------+-------------------------------------------
     0 | D        | DiggyJ the Ogre Gladiator began the quest for the Orb.
     0 | D        | Reached XP level 1. HP: 22/22 MP: 1/1
     8 | D        | Banished a spatial maelstrom
    21 | D        | Noticed a hound
    21 | D        | Noticed a scorpion
    21 | D        | Noticed a sleepcap
    31 | D        | HP: 1/23 [hound (2)]
    32 | D        | Slain by a hound

Illustrated notes

Levels and vault maps discovered:
D:        linesprint [early_d, line_temple, items_1, d_10, items_2, lair_1,
          lair_end, items_3, orc_1, orc_end, items_4, d_15, swamp_1, shoals_1,
          snake_1, spider_1, d_20, vaults_1, items_5, swamp_end, shoals_end,
          snake_end, spider_end, vaults_end, d_27, items_6, zot_1, zot_end,
          crypt_end, forest_end, elf_end, slime_end, tomb_end, abyss_end,
          pan_hell_end]

Skill      XL: |  1 |
---------------+----+-----
Dodging        | 3 |  3.3
Fighting       | 3 |  3.0
Axes           | |  3.7
Throwing       | |  2.2

Action                     || total
---------------------------++-------
  Melee: War axe           ||    22
 Armour: Robe              ||     5
  Dodge: Dodged            ||    14
